 Dungeon Crawl Stone Soup version 0.31-a0-1-g4198be8af4 (webtiles) character file.

Game seed: 1605773538485932439

72 Kranky the Ducker (level 4, 0/34 HPs)
             Began as a Gnoll Wanderer on Apr 30, 2023.
             Slain by an orc wizard
             ... wielding a +0 dagger
              (4 damage)
             ... on level 2 of the Dungeon.
             The game lasted 00:03:46 (2149 turns).

Kranky the Ducker (Gnoll Wanderer)                  Turns: 2149, Time: 00:03:46

Health: 0/34       AC:  3    Str: 12    XL:     4   Next: 25%
Magic:  8/8        EV: 13    Int: 11    God:
Gold:   69         SH:  0    Dex: 13    Spells: 8/9 levels left

rFire   + . .        a - +0 dagger
rCold   . . .        (no shield)
rNeg    . . .        e - +0 leather armour
rPois   +            (no helmet)
rElec   .            (no cloak)
rCorr   .            (no gloves)
SInv    .            (no boots)
Will    .....        (no amulet)
Stlth   +            i - ring of protection from fire
HPRegen 0.25/turn    o - ring of poison resistance
MPRegen 0.11/turn

%: no passive effects
@: confused
A: fangs 1, strong nose, distributed training
a: no special abilities


You were on level 2 of the Dungeon.
You visited 1 branch of the dungeon, and saw 3 of its levels.

You collected 69 gold pieces.

Inventory:

Hand Weapons
 a - a +0 dagger (weapon)
Missiles
 b - 4 throwing nets (quivered)
 t - 4 poisoned darts
Armour
 e - a +0 leather armour (worn)
Jewellery
 i - a ring of protection from fire (left hand)
 o - a ring of poison resistance (right hand)
Wands
 s - a wand of roots (7)
Scrolls
 f - a scroll of enchant armour {unknown}
 h - a scroll of fog {unknown}
 k - 3 scrolls of fear {unknown}
 m - 2 scrolls of identify {unknown}
 n - a scroll of teleportation {unknown}
 p - a scroll of immolation {unknown}
 q - a scroll of silence {unknown}
 r - a scroll of amnesia {unknown}
Potions
 c - a potion of attraction
 d - 2 potions of heal wounds
 g - 5 potions of curing {unknown}
 j - a potion of berserk rage {unknown}
 l - a potion of ambrosia {unknown}
 u - a potion of degeneration {unknown}


   Skills:
 + Level 2.7 Fighting
 + Level 1.1 Short Blades
 + Level 1.1 Long Blades
 + Level 1.1 Axes
 + Level 1.1 Maces & Flails
 + Level 1.1 Polearms
 + Level 1.1 Staves
 + Level 1.1 Ranged Weapons
 + Level 1.1 Throwing
 + Level 4.6 Armour
 + Level 4.6 Dodging
 + Level 2.5 Stealth
 + Level 1.1 Shields
 + Level 1.1 Unarmed Combat
 + Level 3.0 Spellcasting
 + Level 0.9 Conjurations
 + Level 0.9 Hexes
 + Level 0.9 Summonings
 + Level 0.9 Necromancy
 + Level 0.9 Translocations
 + Level 0.9 Transmutations
 + Level 0.9 Fire Magic
 + Level 0.9 Ice Magic
 + Level 0.9 Air Magic
 + Level 3.8 Earth Magic
 + Level 0.9 Poison Magic
 + Level 1.2 Invocations
 + Level 2.7 Evocations


You had 8 spell levels left.
You knew the following spells:

 Your Spells              Type           Power      Damage    Failure   Level
a - Sandblast             Erth           20%        2d7       7%          1

Your spell library contained the following spells:

 Spells                   Type           Power      Damage    Failure   Level
 Necrotise                Necr           12%        1d4       22%         1
 Summon Small Mammal      Summ           12%        N/A       22%         1
 Stone Arrow              Conj/Erth      12%        3d7       36%         3
 Call Canine Familiar     Summ           3%         N/A       56%         3
 Summon Guardian Golem    Hex/Summ       3%         N/A       56%         3
 Vhi's Electric Charge    Tloc/Air       6%         N/A       56%         3
 Animate Dead             Necr           3%         N/A       92%         4
 Arcjolt                  Conj/Air       1%         1d11      99%         5
 Plasma Beam              Fire/Air       1%         2x1d12    100%        6


Dungeon Overview and Level Annotations

Branches:
Dungeon (3/15)

Altars:

Shops:
D:2 [


Innate Abilities, Weirdness & Mutations

You have very sharp teeth.
Your uncanny sense of smell can sniff out nearby items.
Your experience applies equally to all skills.


Message History

You are too confused!
You are too confused!
You are too confused!
You miss something. Your bite misses something.
You hear some strange, mumbled words.
You are more confused.
You barely miss something. Something barely misses you.
You barely miss something.
You bump into the rock wall.
The orc curses loudly.
Something hits you.
You bump into the rock wall.
Something hits you but does no damage.
You miss something. Your bite misses something.
You hear some strange, mumbled words.
Something tries to affect you, but you resist.
You bump into the rock wall.
Something barely misses you.
You barely miss something. You bite something. Something hits you.
You barely miss something. Something hits you.
You miss something. Your bite misses something.
You hear some strange, mumbled words.
A magic dart appears from out of thin air!
The magic dart hits you.
You completely miss something. Something hits you.
You bump into the rock wall.
Something hits you.
You miss something.
You feel less confused. Something hits you.
You hit something. Your bite misses something.
You hear some strange, mumbled words.
A magic dart appears from out of thin air!
The magic dart hits you!
* * * LOW HITPOINT WARNING * * *
There is a stone staircase leading up here.
You hear some strange, mumbled words.
You are confused.
You climb upwards.
Reactivating autopickup.
There is a stone staircase leading down here.
You start resting.
Something hits you.
You die...

#....# #..........#.### ##....#
#..........#.... ##....#
#########.............## ......#
#..........##..####..### ......#
#..........#...# ##..#..
......####.<...........####......
.#.#......#####.#....### #..#....
....................## #.##....
#...............@...# ##.......
#...................# #...#....
#.#.......#####.....## #........
#..#......# #......####..##....
##........#####........#...##....
##........................##....
##........#......#.#.........).
######.....##..[......###...#'
#########...(.........#### #..♣#+


There were no monsters in sight!

Vanquished Creatures
  2 adders
  A dart slug (D:2)
  2 orcs
  3 endoplasms
  2 giant cockroaches
  4 goblins
  5 hobgoblins
  A quokka (D:2)
  8 ball pythons
  7 bats
  3 frilled lizards
  6 kobolds
  4 rats
48 creatures vanquished.

Vanquished Creatures (others)
  5 plants (D:1)
5 creatures vanquished.

Grand Total: 53 creatures vanquished

Notes
Turn   | Place    | Note
-------+----------+-------------------------------------------
     0 | D:1      | Kranky the Gnoll Wanderer began the quest for the Orb.
     0 | D:1      | Kranky set off with the following items: a +0 dagger, 4
                  | throwing nets, a potion of attraction, a potion of heal
                  | wounds, a +0 leather armour; and the following spell
                  | memorised: Sandblast; and the following spells available to
                  | memorise: Stone Arrow.
     0 | D:1      | Reached XP level 1. HP: 17/17 MP: 4/4
   333 | D:1      | Reached XP level 2. HP: 23/23 MP: 5/5
   539 | D:1      | Got the Codex of the Catacomb
  1172 | D:2      | Reached XP level 3. HP: 28/28 MP: 7/7
  1178 | D:2      | Reached skill level 1 in Invocations
  1258 | D:2      | Reached skill level 1 in Short Blades
  1258 | D:2      | Reached skill level 1 in Long Blades
  1258 | D:2      | Reached skill level 1 in Axes
  1258 | D:2      | Reached skill level 1 in Maces & Flails
  1258 | D:2      | Reached skill level 1 in Polearms
  1258 | D:2      | Reached skill level 1 in Staves
  1258 | D:2      | Reached skill level 1 in Ranged Weapons
  1258 | D:2      | Reached skill level 1 in Throwing
  1258 | D:2      | Reached skill level 1 in Shields
  1258 | D:2      | Reached skill level 1 in Unarmed Combat
  1460 | D:2      | Found Cosh's Armour Shop.
  1755 | D:3      | Reached XP level 4. HP: 12/34 MP: 8/8
  2149 | D:2      | Slain by an orc wizard

Illustrated notes

Levels and vault maps discovered:
D:1:      spicycebolla_green_bress_n_ham_2, layout_loops_ring, serial_forest,
          infiniplex_forest_clump_long, infiniplex_forest_zigzag_1,
          infiniplex_forest_straight_5, infiniplex_forest_end_1,
          infiniplex_forest_lined_corner, infiniplex_forest_straight_5,
          infiniplex_forest_straight_3
D:2:      minmay_angry_zag, layout_rooms, serial_shops,
          nicolae_shop_real_fake_doors
D:3:      layout_rooms, serial_shops, nicolae_shop_statue_plus, minivault_14

Skill      XL: |  1  2  3 |
---------------+----------+-----
Invocations    | 1 |  1.2
Short Blades   | 1 |  1.1
Long Blades    | 1 |  1.1
Axes           | 1 |  1.1
Maces & Flails | 1 |  1.1
Polearms       | 1 |  1.1
Staves         | 1 |  1.1
Ranged Weapons | 1 |  1.1
Throwing       | 1 |  1.1
Shields        | 1 |  1.1
Unarmed Combat | 1 |  1.1
Spellcasting   | 3 |  3.0
Fighting       | |  2.7
Armour         | |  4.6
Dodging        | |  4.6
Stealth        | |  2.5
Conjurations   | |  0.9
Hexes          | |  0.9
Summonings     | |  0.9
Necromancy     | |  0.9
Translocations | |  0.9
Transmutations | |  0.9
Fire Magic     | |  0.9
Ice Magic      | |  0.9
Air Magic      | |  0.9
Earth Magic    | |  3.8
Poison Magic   | |  0.9
Evocations     | |  2.7

Action                     |  1- 3 |  4- 6 || total
---------------------------+-------+-------++-------
  Melee: Dagger            |   200 |    51 ||   251
         Bite              |    20 |     9 ||    29
         Punch             |     1 |       ||     1
   Stab: Sleeping          |     5 |     3 ||     8
 Armour: Leather armour    |    51 |     8 ||    59
  Dodge: Dodged            |   144 |    21 ||   165

Table legend: (Time is in decaauts)
 A = Elapsed time spent in this place.
 B = Non-inter-level travel time spent in this place.
 C = Inter-level travel time spent in this place.
 D = Time resting spent in this place.
 E = Time spent auto-exploring this place.
 F = Levels seen in this place.
 G = Mean time per level.
                   A        B        C        D        E       F      G
               +--------+--------+--------+--------+--------+-----+--------+
         Total |   2141 |   2030 |    111 |    319 |   1233 |   3 |  713.7 |
       Dungeon |   2141 |   2030 |    111 |    319 |   1233 |   3 |  713.7 |
               +--------+--------+--------+--------+--------+-----+--------+

Top non-repeatable levels by time:
     D:1: 1102 daAuts
     D:2: 795 daAuts
     D:3: 244 daAuts
